 Dungeon Crawl Stone Soup version 0.29.0-13-gc9e81de378 (webtiles) character file.

Game seed: 17992147062375057020

1 snetch the Martial Artist (level 1, -6/12 (13) HPs)
             Began as a Gnoll Wanderer on Sept 9, 2022.
             Mangled by Crazy Yiuf
             ... wielding a +2 quarterstaff of chaos
              (12 damage)
             ... on level 2 of the Dungeon.
             The game lasted 00:00:43 (48 turns).

snetch the Martial Artist (Gnoll Wanderer)            Turns: 48, Time: 00:00:44

HP:   -6/12 (13)    AC:  4    Str: 10    XL:     1   Next: 20%
MP:   0/1           EV: 10    Int:  8    God:
Gold: 9             SH:  0    Dex: 15    Spells: 0/0 levels left

rFire   . . .      SeeInvis .   a - +0 falchion
rCold   . . .      Faith    .   (no shield)
rNeg    . . .      Spirit   .   e - +0 leather armour
rPois   .          Reflect  .   g - +0 helmet
rElec   .          Harm     .   (no cloak)
rCorr   .          Rampage  .   (no gloves)
Will    .....                   (no boots)
Stlth   ++........              (no amulet)
HPRegen 0.04/turn               (no ring)
MPRegen 0.07/turn               (no ring)

@: drained
A: fangs 1, strong nose, distributed training
a: no special abilities


You were on level 2 of the Dungeon.
You visited 1 branch of the dungeon, and saw 2 of its levels.

You collected 9 gold pieces.

Inventory:

Hand Weapons
 a - a +0 falchion (weapon)
Missiles
 f - 2 stones
Armour
 e - a +0 leather armour (worn)
 g - a +0 helmet (worn)
Wands
 d - a wand of flame (5) (quivered)
Scrolls
 c - 2 scrolls of blinking
Potions
 b - a potion of heal wounds


   Skills:
 + Level 0.0 Fighting
 + Level 0.0 Short Blades
 + Level 4.4 Long Blades
 + Level 0.0 Axes
 + Level 0.0 Maces & Flails
 + Level 0.0 Polearms
 + Level 0.0 Staves
 + Level 0.0 Ranged Weapons
 + Level 0.0 Throwing
 + Level 2.3 Armour
 + Level 0.0 Dodging
 + Level 2.1 Stealth
 + Level 0.0 Shields
 + Level 10.3 Unarmed Combat
 + Level 0.0 Spellcasting
 + Level 0.0 Conjurations
 + Level 0.0 Hexes
 + Level 0.0 Summonings
 + Level 0.0 Necromancy
 + Level 0.0 Translocations
 + Level 0.0 Transmutations
 + Level 0.0 Fire Magic
 + Level 0.0 Ice Magic
 + Level 0.0 Air Magic
 + Level 0.0 Earth Magic
 + Level 0.0 Poison Magic
 + Level 0.0 Invocations
 + Level 2.3 Evocations


You couldn't memorise any spells.
You didn't know any spells.
Your spell library contained the following spells:

 Spells                   Type           Power      Damage    Failure   Level
 Apportation              Tloc           0%         N/A       50%         1
 Necrotise                Necr           0%         1d4       50%         1
 Summon Small Mammal      Summ           0%         N/A       50%         1


Dungeon Overview and Level Annotations

Branches:
Dungeon (2/15)

Altars:

Annotations:
D:2 1 runed translucent door, Crazy Yiuf


Innate Abilities, Weirdness & Mutations

You have very sharp teeth.
Your uncanny sense of smell can sniff out nearby items.
Your experience applies equally to all skills.


Message History

The quokka is severely wounded.
The quokka barely misses you.
You hit the quokka but do no damage. Your bite misses the quokka.
The quokka is severely wounded.
The quokka closely misses you.
You hit the quokka but do no damage.
The quokka is severely wounded.
The quokka barely misses you. x2
You closely miss the quokka.
The quokka is severely wounded.
The quokka bites you but does no damage.
You miss the quokka.
The quokka is severely wounded.
The quokka bites you.
You barely miss the quokka. Your bite misses the quokka.
The quokka is severely wounded.
The quokka barely misses you.
You closely miss the quokka. You punch the quokka.
You kill the quokka!
There is an escape hatch in the floor here.
You slide downwards.
The hatch slams shut behind you.
Found a hammer.
Found a runed translucent door.
The puff of flame hits Crazy Yiuf.
Crazy Yiuf is lightly wounded.
Crazy Yiuf shouts!
You hit Crazy Yiuf but do no damage.
Crazy Yiuf is lightly wounded.
Crazy Yiuf hits you with a +2 quarterstaff of chaos.
You feel your power leaking away.
You hit Crazy Yiuf but do no damage. Your bite misses Crazy Yiuf.
Crazy Yiuf is lightly wounded.
Crazy Yiuf says, "Race turtle testudinal!"
Crazy Yiuf hits you with a +2 quarterstaff of chaos.
You feel drained.
You barely miss Crazy Yiuf. You bite Crazy Yiuf, but do no damage.
Crazy Yiuf is lightly wounded.
Crazy Yiuf cries, "Pitchfork!
Action canine tea."
Crazy Yiuf hits you with a +2 quarterstaff of chaos!
Ouch! That really hurt!
You die...

#####
♣♣#..)#
♣.+@g.#
♣..♣#...#
♣. #####


You could see Crazy Yiuf.

Vanquished Creatures
  A quokka (D:1)
1 creature vanquished.

Notes
Turn   | Place    | Note
-------+----------+-------------------------------------------
     0 | D:1      | Reached skill level 10 in Unarmed Combat
     0 | D:1      | snetch the Gnoll Wanderer began the quest for the Orb.
     0 | D:1      | snetch set off with the following items: a +0 falchion, a
                  | potion of heal wounds, 2 scrolls of blinking, a wand of
                  | flame (6), a +0 leather armour.
     0 | D:1      | Reached XP level 1. HP: 13/13 MP: 1/1
    44 | D:2      | Noticed Crazy Yiuf
    44 | D:2      | Found a runed translucent door.
    48 | D:2      | Mangled by Crazy Yiuf

Illustrated notes

Levels and vault maps discovered:
D:1:      lemuel_arrival_broad_hall, layout_basic
D:2:      layout_basic, hellmonk_ecumenical_altar_slurped_away, uniq_natasha,
          uniq_crazy_yiuf_cottage

Skill      XL: | |
---------------+-+-----
Unarmed Combat | | 10.3
Long Blades    | |  4.4
Armour         | |  2.3
Stealth        | |  2.1
Evocations     | |  2.3

Action                   || total
-------------------------++-------
Melee: Falchion          ||    11
       Punch             ||     2
       Bite              ||     1
Evoke: Wand              ||     1
Armor: Leather armour    ||     2
Dodge: Dodged            ||     8
